 Dungeon Crawl Stone Soup version 0.31.0-11-ge490571c62 (webtiles) character file.

Game seed: 2307370308449672606

580 safid the Ruffian (level 7, -1/52 HPs)
             Began as a Red Draconian Shapeshifter on Feb 5, 2024.
             Slain by a hornet (12 damage)
             ... while paralysed by a hornet
             ... on level 5 of the Dungeon.
             The game lasted 00:05:48 (3870 turns).

safid the Ruffian (Red Draconian Shapeshifter)      Turns: 3870, Time: 00:05:49

Health: -1/52      AC:  6    Str: 18    XL:     7   Next: 13%
Magic:  7/7        EV:  2    Int: 11    God:
Gold:   511        SH:  0    Dex: 10    Spells: 6/6 levels left

rFire   + .          .
                       - Unarmed
rCold   . . .        (no shield)
rNeg    . . .        (body armour unavailable)
rPois   .            (helmet currently unavailable)
rElec   .            (cloak currently unavailable)
rCorr   .            (gloves currently unavailable)
SInv    .            (boots currently unavailable)
Will    .....        (no amulet)
Stlth   +            (no ring)
HPRegen 0.28/turn    (no ring)
MPRegen 0.10/turn

%: no passive effects
@: paralysed, lethally poisoned (-1 -> -6), beast-form, slowed
A: beast (slay +2), breathe fire, AC +6, unfitting armour, fire resistance 1,
cold-blooded
a: Breathe Fire, Begin Untransformation


You were on level 5 of the Dungeon.
You were a hulking beast.
You visited 1 branch of the dungeon, and saw 5 of its levels.

You collected 511 gold pieces.

Inventory:

Missiles
 l - 13 poisoned darts (quivered)
Talismans
 b - a beast talisman
 c - a flux talisman
Wands
 u - a wand of polymorph (12)
Scrolls
 d - 5 scrolls of identify {unknown}
 e - a scroll of enchant weapon {unknown}
 g - 2 scrolls of teleportation
 i - a scroll of amnesia {unknown}
 k - a scroll of vulnerability {unknown}
 n - a scroll of immolation {unknown}
 o - a scroll of acquirement {unknown}
 p - a scroll of noise {unknown}
 q - a scroll of enchant armour {unknown}
 r - a scroll of fear {unknown}
 s - a scroll of fog {unknown}
 t - a scroll of summoning {unknown}
Potions
 a - a potion of lignification
 f - 4 potions of mutation {unknown}
 h - a potion of cancellation {unknown}
 j - 2 potions of curing {unknown}
 m - 2 potions of attraction {unknown}


   Skills:
 + Level 1.3 Fighting
 + Level 3.0 Dodging
 + Level 6.7 Unarmed Combat
 + Level 4.4 Shapeshifting


You had 6 spell levels left.
You didn't know any spells.
Your spell library contained the following spells:

 Spells                   Type           Power      Damage    Failure   Level
 Olgreb's Toxic Radiance  Alch           0%         N/A       98%         4
 Ozocubu's Refrigeration  Ice            0%         4d7       100%        7
 Discord                  Hex            0%         N/A       100%        8


Dungeon Overview and Level Annotations

Branches:
Dungeon (5/15)
 Temple: D:4-7

Altars:
Dithmenos
Elyvilon
Hepliaklqana
Makhleb
Nemelex Xobeh
Okawaru
Qazlal
Uskayaw
The Shining One

Shops:
D:1 *


Innate Abilities, Weirdness & Mutations

You are a hulking beast.
Your limbs bulge with bestial killing power. (Slay +2)
You can breathe blasts of fire.
Your fiery red scales are hard. (AC +6)
You cannot fit into any form of body armour.
Your flesh is heat resistant. (rF+)
You are cold-blooded and may be slowed by cold attacks.


Message History

A gnoll bouda and a gnoll come into view.
Found 9 gold pieces.
Found a stone staircase leading up.
The gnoll shouts!
You hear a shout! x2
A gnoll comes into view. It is wielding a +0 spear.
A gnoll comes into view. It is wielding a +0 flail.
The gnoll shouts! x2; You hear a shout!
You hear an angry hiss.
A gnoll comes into view. It is wielding a +0 halberd.
The gnoll attacks as it pursues you! The gnoll closely misses you.
There is a stone staircase leading down here.
A hornet comes into view.
The gnoll attacks as it pursues you!
The gnoll hits you from afar with a +0 spear.
Unknown command.
The hornet closely misses you. The gnoll attacks as it pursues you!
The gnoll hits you from afar with a +0 spear.
You punch the hornet!
The hornet is moderately wounded.
The hornet stings you.
You feel yourself slow down.
Unknown command.
You closely miss the hornet.
The hornet is moderately wounded.
You feel yourself speed up.
The hornet stings you but does no damage.
The gnoll hits you from afar with a +0 spear.
The hornet barely misses you. The gnoll hits you but does no damage.
Unknown command.
You closely miss the hornet.
Your tail-slap misses the hornet.
You punch the hornet, but do no damage.
The hornet is moderately wounded.
The hornet stings you!
You suddenly lose the ability to move!
The hornet stings you!
You are poisoned.
You feel yourself slow down. The gnoll barely misses you.
You feel very sick. The hornet stings you!
* * * LOW HITPOINT WARNING * * *
You feel as though you will be slow longer.
The gnoll hits you but does no damage.
You feel sick. The hornet stings you!
You die...

##..#### .. #
...........# #.# .#
..#........##.. ##.#
....._.....#..##...##
#..........#.##.)...##
..#.......#.#.......# .
#.#...###...........#
#.###.#.#^...g##........#
#.#........g.ggyh......#
#...#.......##h###.....##
#..<.....h..##..........#
#.......#########.......#
......g## #<........#
..........# #......####
#....#.....# #.....##
##.g#..<....# #######
.g.. ..$....#


You could see a hornet, a black bear and 4 gnolls.

Vanquished Creatures
  2 ogres (D:4)
  2 scorpions (D:4)
  Terence (D:2)
  3 iguanas (D:4)
  8 adders
  3 dart slugs
  A ribbon worm (D:4)
  2 orcs
  12 endoplasms
  4 giant cockroaches
  8 goblins
  17 hobgoblins
  5 jackals
  9 kobolds
  4 quokkas
  9 ball pythons
  2 bats (D:1)
  5 frilled lizards
  2 rats
99 creatures vanquished.

Notes
Turn   | Place    | Note
-------+----------+-------------------------------------------
     0 | D:1      | safid the Draconian Shapeshifter began the quest for the
                  | Orb.
     0 | D:1      | Reached XP level 1. HP: 16/16 MP: 1/1
   105 | D:1      | Found Raolomn's Assorted Antiques.
   185 | D:1      | Reached XP level 2. HP: 23/23 MP: 2/2
   459 | D:1      | Reached XP level 3. HP: 26/28 MP: 3/3
  1093 | D:2      | Found a faded altar of an unknown god.
  1306 | D:2      | Reached skill level 4 in Unarmed Combat
  1308 | D:2      | Noticed Terence
  1318 | D:2      | Killed Terence
  1319 | D:2      | Reached XP level 4. HP: 21/35 MP: 4/4
  1993 | D:3      | Reached XP level 5. HP: 40/40 MP: 5/5
  2445 | D:4      | Reached skill level 5 in Unarmed Combat
  2543 | D:4      | Found a hazy altar of Hepliaklqana.
  2546 | D:4      | Found a burning altar of Makhleb.
  2550 | D:4      | Found an iron altar of Okawaru.
  2550 | D:4      | Found a hide-covered altar of Uskayaw.
  2550 | D:4      | Found a sparkling altar of Nemelex Xobeh.
  2551 | D:4      | Found a white marble altar of Elyvilon.
  2554 | D:4      | Found a stormy altar of Qazlal.
  2698 | D:4      | Noticed an ogre
  2698 | D:4      | Noticed an ogre
  2709 | D:4      | Killed an ogre
  2710 | D:4      | Reached XP level 6. HP: 19/47 MP: 6/6
  2717 | D:4      | HP: 2/47 [adder (2)]
  3272 | D:4      | Reached skill level 6 in Unarmed Combat
  3330 | D:4      | Found a glowing golden altar of the Shining One.
  3503 | D:4      | Your scales start taking on a fiery red colour.
  3503 | D:4      | Reached XP level 7. HP: 21/52 MP: 7/7
  3503 | D:4      | Gained mutation: Your flesh is heat resistant. (rF+) [Red
                  | Draconian growth]
  3836 | D:5      | Entered Level 5 of the Dungeon
  3844 | D:5      | Found a shadowy altar of Dithmenos.
  3861 | D:5      | Noticed a hornet
  3868 | D:5      | Paralysed by a hornet for 2 turns
  3870 | D:5      | Slain by a hornet

Illustrated notes

Levels and vault maps discovered:
D:1:      wander_arrival_fairy_ring, layout_loops_ring, serial_shops,
          nicolae_shop_overgrown_old_shop, grunt_decor_fettered,
          amcnicky_mini_corridor_feature
D:2:      layout_loops_corners, hellmonk_ecumenical_altar_lost_god, uniq_terence
D:3:      layout_basic, roderic_lattice_a
D:4:      minmay_polygon_palace, layout_basic, tso_oasis_becter, minitemple
D:5:      layout_rooms, lemuel_round_altar, overflow_temple_1_default,
          temple_pool_b, uniq_ijyb, uniq_pikel, uniq_sigmund

Skill      XL: |  1  2  3  4  5  6 |
---------------+-------------------+-----
Unarmed Combat | 4 5 6 |  6.7
Dodging        | 2 3 |  3.0
Shapeshifting  | 4 |  4.4
Fighting       | |  1.3

Action                     |  1- 3 |  4- 6 |  7- 9 || total
---------------------------+-------+-------+-------++-------
  Melee: Unarmed           |   115 |   131 |    18 ||   264
         Tailslap          |     9 |    17 |     4 ||    30
         Punch             |     4 |     2 |     1 ||     7
  Throw: Dart              |       |     4 |       ||     4
    Use: Scroll            |       |     2 |       ||     2
   Stab: Sleeping          |     4 |       |       ||     4
 Armour: Skin              |    51 |    57 |    20 ||   128
  Dodge: Dodged            |    52 |    62 |     7 ||   121
